3A
MANCELONA TORCH @ ROCKY MOUNTAIN VIBES
08/29/2055
 
TOP OF THE 1ST
Mancelona Torch batting - Pitching for Rocky Mountain Vibes : LHP Gerbrand Kodde
Pitching: LHP Gerbrand Kodde
Batting: RHB Ed House 0-0: Ball
1-0: Ball
2-0: Ground out 4-3 (Groundball, 4, EV 85.6 MPH)
Batting: RHB Broderick Petersen 0-0: Swinging Strike
0-1: Swinging Strike
0-2: Foul Ball, location: 2F
0-2: Ball
1-2: Foul Ball, location: 2F
1-2: Ball
2-2: Ball
3-2: Foul Ball, location: 2F
3-2: Strikes out swinging
Batting: RHB Martino Madlad 0-0: Ball
1-0: Ball
2-0: SINGLE (Flyball, 78S, EV 89.4 MPH)
Batting: RHB Gabriel Salinas 0-0: Swinging Strike
0-1: Fly out, F7 (Line Drive, 7D, EV 84.4 MPH)
Top of the 1st over - 0 runs, 1 hit, 0 errors, 1 left on base; Mancelona 0 - Rocky Mountain 0
BOTTOM OF THE 1ST
Rocky Mountain Vibes batting - Pitching for Mancelona Torch : RHP Ed House
Pitching: RHP Ed House
Batting: RHB Gerald Moon 0-0: Called Strike
0-1: Foul Ball, location: 2F
0-2: Ball
1-2: Foul Ball, location: 2F
1-2: Ball
2-2: Ball
3-2: Foul Ball, location: 2F
3-2: Base on Balls
Batting: RHB Arnold Crane 0-0: Swinging Strike
0-1: Fly out, F6 (Line Drive, 6, EV 68.1 MPH)
Batting: LHB Bret Latham 0-0: SINGLE (Line Drive, 34, EV 97.5 MPH)
Gerald Moon to second
Gerald Moon to third
Batting: LHB Jack Jones 0-0: Called Strike
Bret Latham steals 2nd, throwing error, E2
Gerald Moon scores
Bret Latham to third
0-1: Ball
1-1: Ball
2-1: Fly out, F9 (Flyball, 9, EV 84.4 MPH)
Runner from 3rd tags up, SCORES, throw by RF
Batting: RHB Chris Hagerman 0-0: Fly out, F9 (Line Drive, 9D, EV 95.6 MPH)
Bottom of the 1st over - 2 runs, 1 hit, 1 error, 0 left on base; Mancelona 0 - Rocky Mountain 2
TOP OF THE 2ND
Mancelona Torch batting - Pitching for Rocky Mountain Vibes : LHP Gerbrand Kodde
Batting: LHB Roberto Inostraza 0-0: Called Strike
0-1: Ball
1-1: Ball
2-1: Ball
3-1: Foul Ball, location: 2F
3-2: Strikes out looking
Batting: SHB Harry Kofmeister 0-0: Ball
1-0: Called Strike
1-1: Foul Ball, location: 2F
1-2: Strikes out looking
Batting: LHB Ted Oglethorpe 0-0: Ball
1-0: Ball
2-0: Ball
3-0: Called Strike
3-1: Base on Balls
Batting: LHB Enrique Pérez 0-0: Ball
1-0: Swinging Strike
1-1: Ball
2-1: Ball
3-1: Fly out, F9 (Flyball, 9, EV 91.2 MPH)
Top of the 2nd over - 0 runs, 0 hits, 0 errors, 1 left on base; Mancelona 0 - Rocky Mountain 2
BOTTOM OF THE 2ND
Rocky Mountain Vibes batting - Pitching for Mancelona Torch : RHP Ed House
Batting: LHB Carlos Torres 0-0: Ball
1-0: Foul Ball, location: 2F
1-1: Fly out, F7 (Flyball, 7S, EV 93.1 MPH)
Batting: RHB Augusto Meléndez 0-0: Ball
1-0: Ball
2-0: SINGLE (Groundball, 4MD, EV 104.4 MPH)
Batting: RHB Jesse Haas 0-0: Called Strike
0-1: Ball
1-1: Ball
2-1: Ball
3-1: Foul Ball, location: 2F
3-2: SINGLE (Line Drive, 9LS, EV 96.9 MPH)
Augusto Meléndez to second
Runner from 2nd tries for 3rd, SAFE, throw by RF made to third
Batting: SHB Ron Aitken 0-0: Ball
1-0: Foul Ball, location: 2F
1-1: Ball
2-1: Fly out, F8 (Flyball, 8RD, EV 87.5 MPH)
Runner from 3rd tags up, SCORES, throw by CF
Batting: RHB Gerald Moon 0-0: Ball
1-0: Swinging Strike
1-1: SINGLE (Groundball, 6D, EV 106.2 MPH)
Jesse Haas to second
Batting: RHB Arnold Crane 0-0: Called Strike
0-1: Ball
1-1: Swinging Strike
1-2: Ball
2-2: Ball
3-2: Foul Ball, location: 2F
3-2: Foul Ball, location: 2F
3-2: Base on Balls
Jesse Haas to third
Gerald Moon to second
Batting: LHB Bret Latham 0-0: Ball
1-0: Ball
2-0: Ball
3-0: Called Strike
3-1: Base on Balls
Jesse Haas scores
Gerald Moon to third
Arnold Crane to second
Batting: LHB Jack Jones 0-0: Called Strike
0-1: Ball
Wild Pitch!
Gerald Moon scores
Arnold Crane to third
Bret Latham to second
1-1: Foul Ball, location: 2F
1-2: Strikes out swinging
Bottom of the 2nd over - 3 runs, 3 hits, 0 errors, 2 left on base; Mancelona 0 - Rocky Mountain 5
TOP OF THE 3RD
Mancelona Torch batting - Pitching for Rocky Mountain Vibes : LHP Gerbrand Kodde
Batting: RHB Robert Robinson 0-0: Ball
1-0: Foul Ball, location: 2F
1-1: Ball
2-1: Ball
3-1: Base on Balls
Batting: RHB Ed House 0-0: Called Strike
0-1: Ball
1-1: Ball
Robert Robinson steals 2nd, throwing error, E2
Robert Robinson to third
2-1: Ball
3-1: Base on Balls
Batting: RHB Broderick Petersen 0-0: Ball
1-0: Ball
2-0: Ball
3-0: Called Strike
3-1: Swinging Strike
3-2: Base on Balls
Ed House to second
Batting: RHB Martino Madlad 0-0: Ball
1-0: Foul Ball, location: 2F
1-1: Ball
2-1: Ground out 3-1 (Groundball, 13, EV 90.6 MPH)
Robert Robinson scores
Ed House to third
Broderick Petersen to second
Batting: RHB Gabriel Salinas 0-0: Ball
1-0: Called Strike
1-1: DOUBLE (Groundball, 5L, EV 108.8 MPH)
Ed House scores
Broderick Petersen scores
Batting: LHB Roberto Inostraza 0-0: Ball
1-0: Foul Ball, location: 2F
1-1: Foul Ball, location: 2F
1-2: Ground out U3 (Groundball, 3, EV 91.9 MPH)
Gabriel Salinas to third
Batting: SHB Harry Kofmeister 0-0: Swinging Strike
0-1: Called Strike
0-2: Foul Ball, location: 2F
0-2: Ball
1-2: Strikes out swinging
Top of the 3rd over - 3 runs, 1 hit, 1 error, 1 left on base; Mancelona 3 - Rocky Mountain 5
BOTTOM OF THE 3RD
Rocky Mountain Vibes batting - Pitching for Mancelona Torch : RHP Ed House
Batting: RHB Chris Hagerman 0-0: Called Strike
0-1: Called Strike
0-2: Ball
1-2: Ground out 5-3 (Groundball, 5, EV 81.2 MPH)
Batting: LHB Carlos Torres 0-0: Called Strike
0-1: Swinging Strike
0-2: Foul Ball, location: 2F
0-2: Ball
1-2: Ball
2-2: Strikes out swinging
Batting: RHB Augusto Meléndez 0-0: Swinging Strike
0-1: Ball
1-1: Ball
2-1: Reached on error, E1 (Groundball, 15S, EV 69.4 MPH)
Batting: RHB Jesse Haas 0-0: Ball
1-0: Called Strike
1-1: TRIPLE (Line Drive, 8RXD, EV 105.6 MPH)
Augusto Meléndez scores
Pitching: RHP Carlos Orozco
Batting: SHB Ron Aitken 0-0: Ball
1-0: Foul Ball, location: 2F
1-1: Ball
2-1: Ground out 6-3 (Groundball, 6, EV 82.5 MPH)
Bottom of the 3rd over - 1 run, 1 hit, 1 error, 1 left on base; Mancelona 3 - Rocky Mountain 6
TOP OF THE 4TH
Mancelona Torch batting - Pitching for Rocky Mountain Vibes : LHP Gerbrand Kodde
Batting: LHB Ted Oglethorpe 0-0: Ball
1-0: Swinging Strike
1-1: Swinging Strike
1-2: Ball
2-2: Foul Ball, location: 2F
2-2: Ball
3-2: Base on Balls
Batting: LHB Enrique Pérez 0-0: Swinging Strike
0-1: Ball
1-1: Foul Ball, location: 2F
1-2: Foul Ball, location: 2F
1-2: Fly out, F7 (Flyball, 7D, EV 93.1 MPH)
Batting: RHB Robert Robinson 0-0: Ball
1-0: Called Strike
1-1: Ball
2-1: Ball
3-1: Foul Ball, location: 2F
3-2: Fielders Choice at 2nd, 4-6 (Groundball, 34, EV 101.2 MPH)
Batting: RHB Ed House 0-0: Called Strike
0-1: Ball
1-1: Reached on error, E4 (Groundball, 4, EV 98.1 MPH)
Robert Robinson to second
Batting: RHB Broderick Petersen 0-0: Ball
1-0: Foul Ball, location: 2F
1-1: Fly out, F8 (Line Drive, 8LD, EV 103.8 MPH)
Top of the 4th over - 0 runs, 0 hits, 1 error, 2 left on base; Mancelona 3 - Rocky Mountain 6
BOTTOM OF THE 4TH
Rocky Mountain Vibes batting - Pitching for Mancelona Torch : RHP Carlos Orozco
Batting: RHB Gerald Moon 0-0: Swinging Strike
0-1: SINGLE (Line Drive, 78S, EV 101.9 MPH)
Batting: RHB Arnold Crane 0-0: Ball
Gerald Moon steals 2nd base
1-0: Ground out 5-3 (Groundball, 56, EV 86.2 MPH)
Batting: LHB Bret Latham 0-0: Called Strike
0-1: Ball
1-1: Foul Ball, location: 2F
1-2: Ground out 1-3 (Groundball, 23, EV 69.4 MPH)
Gerald Moon to third
Batting: LHB Jack Jones 0-0: TRIPLE (Line Drive, 78XD, EV 104.4 MPH)
Gerald Moon scores
Batting: RHB Chris Hagerman 0-0: Ball
1-0: Ball
2-0: Ground out U3 (Groundball, 34, EV 80.6 MPH)
Bottom of the 4th over - 1 run, 2 hits, 0 errors, 1 left on base; Mancelona 3 - Rocky Mountain 7
TOP OF THE 5TH
Mancelona Torch batting - Pitching for Rocky Mountain Vibes : LHP Gerbrand Kodde
Batting: RHB Martino Madlad 0-0: Swinging Strike
0-1: Called Strike
0-2: Ground out 4-3 (Groundball, 4, EV 86.9 MPH)
Batting: RHB Gabriel Salinas 0-0: Swinging Strike
0-1: Swinging Strike
0-2: Foul Ball, location: 2F
0-2: Ball
1-2: Strikes out looking
Batting: LHB Roberto Inostraza 0-0: Called Strike
0-1: Fly out, F9 (Flyball, 89S, EV 81.9 MPH)
Top of the 5th over - 0 runs, 0 hits, 0 errors, 0 left on base; Mancelona 3 - Rocky Mountain 7
BOTTOM OF THE 5TH
Rocky Mountain Vibes batting - Pitching for Mancelona Torch : RHP Carlos Orozco
Batting: LHB Carlos Torres 0-0: Foul Ball, location: 2F
0-1: Called Strike
0-2: Ball
1-2: Foul Ball, location: 2F
1-2: Foul Ball, location: 2F
1-2: Ground out U3 (Groundball, 3D, EV 88.1 MPH)
Batting: RHB Augusto Meléndez 0-0: Ball
1-0: Ball
2-0: Foul Ball, location: 2F
2-1: Called Strike
2-2: Foul Ball, location: 2F
2-2: Strikes out swinging
Batting: RHB Jesse Haas 0-0: Called Strike
0-1: Foul Ball, location: 2F
0-2: Foul Ball, location: 2F
0-2: Ball
1-2: Ball
2-2: DOUBLE (Line Drive, 7LM, EV 86.2 MPH)
Batting: SHB Ron Aitken 0-0: Called Strike
0-1: Foul Ball, location: 2F
0-2: Foul Ball, location: 2F
0-2: Fly out, F8 (Flyball, 78M, EV 75.6 MPH)
Bottom of the 5th over - 0 runs, 1 hit, 0 errors, 1 left on base; Mancelona 3 - Rocky Mountain 7
TOP OF THE 6TH
Mancelona Torch batting - Pitching for Rocky Mountain Vibes : LHP Gerbrand Kodde
Batting: SHB Harry Kofmeister 0-0: Called Strike
0-1: Ball
1-1: Swinging Strike
1-2: Strikes out swinging
Batting: LHB Ted Oglethorpe 0-0: Ball
1-0: Foul Ball, location: 2F
1-1: SINGLE (Groundball, 56D, EV 110.6 MPH)
Pitching: RHP Jussi-Pekka Hostikka
Batting: LHB Enrique Pérez 0-0: Ball
1-0: Foul Ball, location: 2F
1-1: Swinging Strike
1-2: Foul Ball, location: 2F
1-2: Foul Ball, location: 2F
1-2: Strikes out swinging
Batting: RHB Robert Robinson 0-0: Called Strike
0-1: Ball
1-1: Ball
2-1: Foul Ball, location: 2F
2-2: Foul Ball, location: 2F
2-2: 2-RUN HOME RUN (Flyball, 7D, EV 102.5 MPH), Distance : 407 ft
Batting: RHB Ed House 0-0: Called Strike
0-1: TRIPLE (Flyball, 78XD, EV 103.1 MPH)
Batting: RHB Broderick Petersen 0-0: Called Strike
0-1: Called Strike
0-2: Ball
1-2: Strikes out looking
Top of the 6th over - 2 runs, 3 hits, 0 errors, 1 left on base; Mancelona 5 - Rocky Mountain 7
BOTTOM OF THE 6TH
Rocky Mountain Vibes batting - Pitching for Mancelona Torch : RHP Carlos Orozco
Batting: RHB Gerald Moon 0-0: Called Strike
0-1: Fly out, F8 (Flyball, 8RS, EV 89.4 MPH)
Batting: RHB Arnold Crane 0-0: Ball
1-0: Called Strike
1-1: Foul Ball, location: 2F
1-2: Foul Ball, location: 2F
1-2: Strikes out swinging
Batting: LHB Bret Latham 0-0: Called Strike
0-1: Swinging Strike
0-2: Ball
1-2: Ground out 4-3 (Groundball, 4, EV 105.6 MPH)
Bottom of the 6th over - 0 runs, 0 hits, 0 errors, 0 left on base; Mancelona 5 - Rocky Mountain 7
TOP OF THE 7TH
Mancelona Torch batting - Pitching for Rocky Mountain Vibes : RHP Jussi-Pekka Hostikka
Batting: RHB Martino Madlad 0-0: Fly out, F9 (Line Drive, 9LM, EV 90.6 MPH)
Batting: RHB Gabriel Salinas 0-0: Foul Ball, location: 2F
0-1: Ball
1-1: Ball
2-1: Ball
3-1: DOUBLE (Line Drive, 7LM, EV 105.6 MPH)
Batting: LHB Roberto Inostraza 0-0: Ball
1-0: Ground out U3 (Groundball, 34S, EV 71.9 MPH)
Gabriel Salinas to third
Batting: SHB Harry Kofmeister 0-0: Ground out 4-3 (Groundball, 4, EV 80.6 MPH)
Top of the 7th over - 0 runs, 1 hit, 0 errors, 1 left on base; Mancelona 5 - Rocky Mountain 7
BOTTOM OF THE 7TH
Rocky Mountain Vibes batting - Pitching for Mancelona Torch : RHP Carlos Orozco
Batting: LHB Jack Jones 0-0: Ball
1-0: Called Strike
1-1: Ground out 6-3 (Groundball, 6D, EV 80.6 MPH)
Batting: RHB Chris Hagerman 0-0: Called Strike
0-1: Foul Ball, location: 2F
0-2: SINGLE (Line Drive, 7S, EV 108.1 MPH)
Batting: LHB Carlos Torres 0-0: 2-RUN HOME RUN (Flyball, 9D, EV 100.6 MPH), Distance : 373 ft
Pitching: RHP Júlio Pérez
Batting: RHB Augusto Meléndez 0-0: Ball
1-0: Ball
2-0: Ball
3-0: Base on Balls
Batting: RHB Jesse Haas 0-0: Ball
1-0: Ball
2-0: Called Strike
2-1: Fielders Choice at 2nd, 6-4 (Groundball, 6M, EV 80.0 MPH)
Batting: SHB Ron Aitken 0-0: Ball
1-0: Ground out 6-3 (Groundball, 6MS, EV 71.9 MPH)
Bottom of the 7th over - 2 runs, 2 hits, 0 errors, 1 left on base; Mancelona 5 - Rocky Mountain 9
TOP OF THE 8TH
Mancelona Torch batting - Pitching for Rocky Mountain Vibes : RHP Jussi-Pekka Hostikka
Batting: LHB Ted Oglethorpe 0-0: Called Strike
0-1: Foul Ball, location: 2F
0-2: Strikes out looking
Batting: LHB Enrique Pérez 0-0: Ball
1-0: Called Strike
1-1: Ball
2-1: Ball
3-1: Foul Ball, location: 2F
3-2: Strikes out looking
Batting: RHB Robert Robinson 0-0: Ball
1-0: Ball
2-0: Ball
3-0: Called Strike
3-1: Ground out 4-3 (Groundball, 4, EV 106.2 MPH)
Top of the 8th over - 0 runs, 0 hits, 0 errors, 0 left on base; Mancelona 5 - Rocky Mountain 9
BOTTOM OF THE 8TH
Rocky Mountain Vibes batting - Pitching for Mancelona Torch : RHP Júlio Pérez
Batting: RHB Gerald Moon 0-0: Called Strike
0-1: Ball
1-1: Ball
2-1: Called Strike
2-2: Ball
3-2: Foul Ball, location: 2F
3-2: SINGLE (Flyball, 78S, EV 86.9 MPH)
Batting: RHB Arnold Crane 0-0: Ball
Gerald Moon steals 2nd base
1-0: DOUBLE (Line Drive, 5D, EV 97.5 MPH)
Gerald Moon scores
Batting: LHB Bret Latham 0-0: Ball
1-0: Ball
2-0: Ball
3-0: Called Strike
3-1: Ground out 6-3 (Groundball, 4M, EV 89.4 MPH)
Arnold Crane to third
Batting: LHB Jack Jones 0-0: Called Strike
0-1: Ball
1-1: Ball
2-1: Called Strike
2-2: Ball
3-2: Foul Ball, location: 2F
3-2: Base on Balls
Batting: RHB Chris Hagerman 0-0: Ball
1-0: Called Strike
Jack Jones steals 2nd, throwing error, E2
Arnold Crane scores
Jack Jones to third
1-1: Ground out U3 (Groundball, 3S, EV 88.8 MPH)
Batting: LHB Carlos Torres 0-0: Ball
1-0: Called Strike
1-1: Hit by Pitch
Batting: RHB Augusto Meléndez 0-0: Called Strike
0-1: Ball
1-1: Called Strike
1-2: Strikes out swinging
Bottom of the 8th over - 2 runs, 2 hits, 1 error, 2 left on base; Mancelona 5 - Rocky Mountain 11
TOP OF THE 9TH
Mancelona Torch batting - Pitching for Rocky Mountain Vibes : RHP Jussi-Pekka Hostikka
Batting: RHB Ed House 0-0: Foul Ball, location: 2F
0-1: Foul Ball, location: 2F
0-2: Ball
1-2: Ball
2-2: Ball
3-2: Fly out, F9 (Flyball, 9LS, EV 77.5 MPH)
Batting: RHB Broderick Petersen 0-0: Ball
1-0: Ground out 6-3 (Groundball, 6, EV 83.1 MPH)
Batting: RHB Martino Madlad 0-0: Called Strike
0-1: Called Strike
0-2: Strikes out swinging
Top of the 9th over - 0 runs, 0 hits, 0 errors, 0 left on base; Mancelona 5 - Rocky Mountain 11
Sunday, June 30th , 2024 - OOTP Baseball 23.10 Build 110